 Dungeon Crawl Stone Soup version 0.17.0-18-gaab0e96 (webtiles) character file.

65 ventricule the Poker (level 4, -4/25 HPs)
             Began as a Tengu Arcane Marksman on Nov 11, 2015.
             Killed from afar by Crazy Yiuf (11 damage)
             ... with a wand of frost
             ... on level 2 of the Dungeon.
             The game lasted 00:04:34 (2354 turns).

ventricule the Poker (Tengu Arcane Marksman)        Turns: 2354, Time: 00:04:34

Health: -4/25      AC:  2    Str: 12    XL:     4   Next: 13%
Magic:  6/6        EV: 12    Int: 13    God:
Gold:   82         SH:  0    Dex: 14    Spells: 1 memorised, 4 levels left

rFire  . . .     SeeInvis .     a - +0 hand crossbow
rCold  . . .     Clarity  .     c - +0 robe
rNeg   . . .     SustAt   .     (no shield)
rPois  .         Gourm    .     (helmet restricted)
rElec  .         Spirit   .     (no cloak)
rCorr  .         Warding  .     (no gloves)
rMut   .         Stasis   .     (boots unavailable)
MR     .....                    (no amulet)
Stlth  +.........               (no ring)
                                (no ring)

@: not resistant to hostile enchantments, very unstealthy
A: beak, talons 3
a: no special abilities


You were on level 2 of the Dungeon.
You were hungry.

You visited 1 branch of the dungeon, and saw 2 of its levels.

You collected 82 gold pieces.


Innate Abilities, Weirdness & Mutations

You have a beak for a mouth.
You have claws for feet.


   Skills:
 - Level 1.1 Fighting
 + Level 3.9 Polearms
 - Level 2.1 Crossbows
 - Level 2.1 Dodging
 - Level 1.0 Spellcasting
 - Level 2.1 Hexes


You had 4 spell levels left.
You knew the following spells:

 Your Spells              Type           Power        Failure   Level  Hunger
Z - Corona                Hex            #......      14%         1    ##.....

Inventory:

Hand Weapons
 a - a +0 hand crossbow (weapon)
 b - a +0 spear
Missiles
 f - 19 bolts
 p - 11 poisoned bolts (quivered)
Armour
 c - a +0 robe (worn)
Scrolls
 g - a scroll of teleportation {unknown}
 h - 3 scrolls of blinking {unknown}
 j - 3 scrolls of enchant weapon {unknown}
 k - 3 scrolls of identify {unknown}
 n - a scroll of fog {unknown}
 o - a scroll of remove curse {unknown}
 r - a scroll of amnesia {unknown}
 u - a scroll of magic mapping {unknown}
Potions
 l - a potion of cancellation {unknown}
 m - a potion of flight {unknown}
 q - 2 potions of lignification {unknown}
 s - a potion of brilliance {unknown}
Books
 d - a book of Debilitation

   Spells                             Type                      Level
   a - Corona                         Hexes                        1
   b - Slow                           Hexes                        2
   c - Gell's Gravitas                Hexes/Translocation          3
   d - Inner Flame                    Hexes/Fire                   3
   e - Cause Fear                     Hexes                        4
   f - Leda's Liquefaction            Hexes/Earth                  4
Comestibles
 e - 2 bread rations
 i - 3 meat rations

Dungeon Overview and Level Annotations

Branches:
Dungeon (2/15)

Altars:
Fedhas
Trog

Annotations:
D:2 Crazy Yiuf

.......^......▒▒▒▒▒▒▒▒▒..........
....▒.....(.▒).......▒▒..........
.............▒....▒▒.............
▒▒▒▒▒.......(▒.▒▒▒▒▒▒▒▒..........
▒....)...g....▒▒▒▒▒....>.....
▒▒▒▒.▒.▒<.▒▒.▒▒▒......▒....(...▒
▒....▒.▒▒.▒....▒▒▒▒▒▒..........▒
▒▒.▒▒▒▒.▒▒...▒▒.▒▒▒▒ ▒▒..........
...▒▒ ▒.▒▒......Q..▒ ▒.....≈....
....▒ ▒.▒▒▒.▒▒▒▒...▒▒▒▒....≈≈♣...
....▒ ▒.▒ ▒.▒ ▒▒▒....▒...≈≈≈≈♣..
..▒▒▒ ▒.▒ ▒.▒ ▒▒▒.<....♣≈PP≈..
▒▒▒ ▒.▒ ▒.▒.>).≈≈≈≈♣♣( ..▒
▒.▒▒...≈≈≈≈≈♣. .▒▒ ▒..≈...≈≈≈≈≈P▒
▒▒♣≈....≈≈≈P≈▒ ♣≈≈≈...≈≈≈≈≈≈


You could see Crazy Yiuf.


Message History

No target in view!
You see here a rat corpse.
Found 12 gold pieces.
You now have 82 gold pieces (gained 12).
You are feeling hungry.
Things that are here:
19 stones; an uncursed dagger; an uncursed hunting sling Crazy Yiuf shouts!
Crazy Yiuf zaps a wand.
The puff of frost hits you!
Unknown command.
a - a +0 hand crossbow (weapon)
Firing (i - inventory. (,) - cycle):
p - 14 poisoned bolts
Aim: Crazy Yiuf, wielding a quarterstaff of chaos, wearing an embroidered cloak and carrying a wand of frost {zapped: 6} You shoot a poisoned bolt.
The poisoned bolt hits Crazy Yiuf but does no damage.
Crazy Yiuf zaps a wand.
The puff of frost hits you!
Crazy Yiuf cries, "You leg down broken song, no?"
Firing (i - inventory. (,) - cycle):
p - 13 poisoned bolts (quivered)
Aim: Crazy Yiuf, wielding a quarterstaff of chaos, wearing an embroidered cloak and carrying a wand of frost {zapped: 7} You shoot a poisoned bolt.
The poisoned bolt barely misses Crazy Yiuf.
Crazy Yiuf zaps a wand.
The puff of frost hits you!
* * * LOW HITPOINT WARNING * * *
Firing (i - inventory. (,) - cycle):
p - 12 poisoned bolts (quivered)
Aim: Crazy Yiuf, wielding a quarterstaff of chaos, wearing an embroidered cloak and carrying a wand of frost {zapped: 8} You shoot a poisoned bolt.
The poisoned bolt closely misses Crazy Yiuf.
Crazy Yiuf says, "Citrus tortoise green!"
Crazy Yiuf zaps a wand.
The puff of frost hits you!
You die...

Action                   |  1- 3 |  4- 6 || total
-------------------------+-------+-------++-------
Melee: Spear             |   106 |    44 ||   150
       Unarmed           |     2 |       ||     2
 Fire: Hand crossbow     |     7 |     4 ||    11
 Cast: Corona            |     1 |       ||     1
 Stab: Sleeping          |     2 |       ||     2
  Eat: Chunk             |     1 |     3 ||     4

Vault maps used:
D:1:      eino_arrival_cavern_d
D:2:      nicolae_overflow_hidden_temple, lemuel_round_altar, first_bread,
          serial_bayou_ford_a, uniq_crazy_yiuf_cottage

Notes
Turn   | Place    | Note
--------------------------------------------------------------
     0 | D:1      | ventricule the Tengu Arcane Marksman began the quest for the Orb.
     0 | D:1      | Reached XP level 1. HP: 12/12 MP: 3/3
    47 | D:1      | Reached skill level 1 in Polearms
    47 | D:1      | Reached XP level 2. HP: 5/16 MP: 4/4
    55 | D:1      | Reached skill level 2 in Polearms
   658 | D:1      | Reached XP level 3. HP: 20/20 MP: 5/5
   960 | D:2      | Found a bloodstained altar of Trog.
   974 | D:1      | Reached skill level 3 in Polearms
  1663 | D:2      | Reached XP level 4. HP: 17/25 MP: 6/6
  1763 | D:2      | Found a blossoming altar of Fedhas.
  1897 | D:2      | Noticed Crazy Yiuf
  2354 | D:2      | Killed from afar by Crazy Yiuf

Vanquished Creatures
  A gnoll (D:1)
  An ooze (D:2)
  2 giant geckos
  A ball python (D:2)
  3 giant cockroaches
  7 goblins
  4 hobgoblins
  9 jackals
  4 kobolds (D:1)
  6 bats
  A giant newt (D:1)
  6 rats
  2 fungi (D:2)
47 creatures vanquished.
